 Dungeon Crawl Stone Soup version 0.27.1-1-g398f81649c (webtiles) character file.

Game seed: 7262169750761177865

116 bnorton916 the Conjurer (level 4, -4/24 HPs)
             Began as a Deep Elf Conjurer on Sept 6, 2021.
             Killed by divine providence
             ... invoked by an orc priest
              (14 damage)
             ... on level 2 of the Dungeon.
             The game lasted 00:02:39 (2180 turns).

bnorton916 the Conjurer (Deep Elf Conjurer)         Turns: 2180, Time: 00:02:40

Health: -4/24      AC:  2    Str:  4    XL:     4   Next: 70%
Magic:  10/13      EV: 12    Int: 24    God:
Gold:   127        SH:  5    Dex: 13    Spells: 10/13 levels left

rFire    . . .     SeeInvis .   h - +0 dagger (venom)
rCold    . . .     Faith    .   (no shield)
rNeg     . . .     Spirit   .   a - +0 robe
rPois    .         Reflect  +   (no helmet)
rElec    .         Harm     .   (no cloak)
rCorr    .         Rampage  .   (no gloves)
Will     .....                  (no boots)
Stlth    ++........             f - amulet of reflection
HPRegen  0.08/turn              (no ring)
MPRegen  0.13/turn              (no ring)

@: no status effects
A: no striking features
a: no special abilities


You were on level 2 of the Dungeon.
You visited 1 branch of the dungeon, and saw 3 of its levels.

You collected 127 gold pieces.

Inventory:

Hand Weapons
 h - a +0 dagger of venom (weapon)
 k - a +2 dagger of protection
Missiles
 c - 147 stones
Armour
 a - a +0 robe (worn)
Jewellery
 f - an amulet of reflection (around neck)
Scrolls
 b - a scroll of identify {unknown}
 i - a scroll of noise {unknown}
 j - 2 scrolls of teleportation {unknown}
Potions
 d - 2 potions of invisibility {unknown}
 e - a potion of might {unknown}
 g - a potion of brilliance {unknown}
 l - a potion of attraction {unknown}


   Skills:
 - Level 2.4 Dodging
 - Level 2.4 Stealth
 + Level 5.1 Spellcasting
 + Level 5.7 Conjurations


You had 10 spell levels left.
You knew the following spells:

 Your Spells              Type           Power      Damage    Failure   Level
a - Magic Dart            Conj           100%       1d8       1%          1
b - Searing Ray           Conj           66%        3d5       1%          2

Your spell library contained the following spells:

 Spells                   Type           Power      Damage    Failure   Level
 Dazzling Flash           Conj/Hex       38%        N/A       9%          3
 Fulminant Prism          Conj/Hex       9%         3d7       26%         4
 Iskenderun's Mystic Bla  Conj/Tloc      19%        2d6       26%         4


Dungeon Overview and Level Annotations

Branches:
Dungeon (3/15)

Altars:

Shops:
D:1 ?


Message History

The shadow imp gestures at you. Pain shoots through your body!
The searing ray hits the shadow imp!
You kill the shadow imp!
You climb upwards.
There is a stone staircase leading down here.
You start resting.
HP restored.
You start resting.
Magic restored.
You start waiting.
Done waiting.
You climb downwards.
The worm misses you.
The orc priest calls down the wrath of Beogh upon you.
Beogh smites you!
There is a stone staircase leading up here.
Unknown command.
The worm closely misses you. The orc priest misses you.
You climb upwards.
There is a stone staircase leading down here.
The worm bites you.
Casting: Searing Ray (safe; 1% risk of failure)
Confirm with . or Enter, or press ? or * to list all spells.
Aiming: Searing Ray (safe; 1% risk of failure)
Press: ? - help, Shift-Dir - straight line, f - orc priest
Aim: an orc priest, wielding a +0 short sword and wearing a +4 ring of slaying (81% to hit)
The searing ray hits the orc priest!
The orc priest is severely wounded.
The searing ray hits the worm!
The worm is heavily wounded. (Press . to maintain the ray.)
The orc priest drinks a potion.
The orc priest is healed!
The searing ray hits the orc priest!
The orc priest is heavily wounded.
The searing ray hits the worm.
The worm is severely wounded.
The orc priest mumbles some strange prayers to Beogh against you.
Beogh smites you!
Ouch! That really hurt!
You die...

.........# #.#.....# #.
.........# #.##.#..#####.
.........###########.#..#......#.
...........................###.#.
.........###########.#.#.........
.........# #.#.#.#.#.#.##
.........# #.#.#.#.......
###'################..........###
................@o.w..>..........
###.####################......###
###.########## #####..# #
#...#........# #..###
#.#.#........# ##..##
....#........# #.....
..###........# #....#
............)# #....#
#####........# #.#..#


You could see a worm and an orc priest.

Vanquished Creatures
  An orc wizard (D:3)
  An adder (D:2)
  A shadow imp (D:3)
  2 worms (D:2)
  A dart slug (D:1)
  3 orcs (D:3)
  7 endoplasms
  3 giant cockroaches
  6 goblins
  7 hobgoblins
  A quokka (D:2)
  8 ball pythons
  7 bats
  2 frilled lizards (D:1)
  6 kobolds
  4 rats
60 creatures vanquished.

Notes
Turn   | Place    | Note
-------+----------+-------------------------------------------
     0 | D:1      | bnorton916 the Deep Elf Conjurer began the quest for the
                  | Orb.
     0 | D:1      | Reached XP level 1. HP: 10/10 MP: 6/6
   194 | D:1      | Reached XP level 2. HP: 15/15 MP: 4/8
   629 | D:1      | Found Melakh's Magic Scroll Shop.
   788 | D:2      | Reached skill level 5 in Conjurations
   788 | D:2      | Reached XP level 3. HP: 19/19 MP: 8/10
   795 | D:2      | Learned a level 2 spell: Searing Ray
  1644 | D:2      | Reached XP level 4. HP: 24/24 MP: 8/12
  2008 | D:3      | Reached skill level 5 in Spellcasting
  2180 | D:2      | Killed from afar by an orc priest

Illustrated notes

Levels and vault maps discovered:
D:1:      dpeg_arrival_round_c, layout_rooms, serial_shops, shop
D:2:      layout_basic
D:3:      minmay_diamond_boxcup, layout_rooms, minmay_cut_off, uniq_ijyb

Skill      XL: |  1  2  3  4 |
---------------+-------------+-----
Spellcasting   | 4 5 |  5.1
Conjurations   | 5 |  5.7
Dodging        | |  2.4
Stealth        | |  2.4

Action                   |  1- 3 |  4- 6 || total
-------------------------+-------+-------++-------
 Cast: Magic Dart        |    92 |    11 ||   103
       Searing Ray       |       |     4 ||     4
Dodge: Dodged            |     2 |     6 ||     8
Block: Other             |     2 |     1 ||     3
